 Dungeon Crawl Stone Soup version 0.24-a0-282-g1a68c91 (webtiles) character file.

Game seed: 14344263423296771856

1608 Ijustatesigmund the Cudgeler (level 8, -3/58 HPs)
             Began as an Octopode Fighter on May 3, 2019.
             Slain by a hornet zombie (12 damage)
             ... on level 7 of the Dungeon.
             The game lasted 00:12:05 (6259 turns).

Ijustatesigmund the Cudgeler (Octopode Fighter)     Turns: 6259, Time: 00:12:06

Health: -3/58      AC:  1    Str: 16    XL:     8   Next: 95%
Magic:  8/8        EV: 13    Int: 10    God:
Gold:   104        SH:  0    Dex: 13    Spells: 4/7 levels left

rFire    . . .     SeeInvis .   w - +8 hand axe of Plunder {flame, +Inv}
rCold    . . .     Gourm    .   b - +1 shield
rNeg     . . .     Faith    .   (helmet restricted)
rPois    .         Spirit   .   (no amulet)
rElec    .         Reflect  .   r - ring of resist corrosion
rCorr    +         Harm     .   (no ring)
MR       .....                  (no ring)
Stlth    ++........             (no ring)
HPRegen  0.19/turn              (no ring)
MPRegen  0.11/turn              (no ring)
                                (no ring)
                                (no ring)

@: confused
A: almost no armour, stealthy swim, amphibious, 8 rings, constrict 8, camouflage
1, gelatinous body 1
a: Evoke Invisibility


You were on level 7 of the Dungeon.
You were not hungry.

You visited 1 branch of the dungeon, and saw 7 of its levels.
You also visited: Ossuary.

You collected 513 gold pieces.
You spent 409 gold pieces at shops.

Inventory:

Hand Weapons
 a - a +0 flail of protection
 o - the +6 hunting sling of Daciteru {velocity, Int+4}
   (You bought it in a shop on level 4 of the Dungeon)

   Any stone fired from it inflicts extra damage.
   It affects your intelligence (+4).
 w - the +8 hand axe of Plunder (weapon) {flame, +Inv}
   (You found it on level 6 of the Dungeon)

   It has been specially enchanted to burn those struck by it, causing extra
   injury to most foes and up to half again as much damage against particularly
   susceptible opponents.
   Big, fiery blades are also staple armaments of hydra-hunters.
   It lets you turn invisible.
Armour
 b - a +1 shield (worn)
Jewellery
 r - a ring of resist corrosion (left tentacle)
 s - an uncursed amulet of magic regeneration
Wands
 v - a wand of enslavement (12)
Scrolls
 e - 4 scrolls of identify
 f - 2 scrolls of fear
 g - 2 scrolls of amnesia
 i - 2 scrolls of teleportation
 k - 5 scrolls of remove curse
 q - a scroll of fog
Potions
 c - a potion of might
 h - a potion of curing
 j - a potion of agility
 l - 2 potions of ambrosia
 m - a potion of magic
 n - a potion of cancellation
 p - a potion of lignification
 u - a potion of resistance
Comestibles
 d - 12 rations


   Skills:
 + Level 6.3 Fighting
 + Level 7.3 Maces & Flails
 + Level 4.9 Dodging
 + Level 3.9 Stealth
 + Level 4.8 Shields


You had 4 spell levels left.
You knew the following spells:

 Your Spells              Type           Power        Failure   Level  Hunger
a - Magic Dart            Conj           #...         80%         1    ##.....
b - Blink                 Tloc           N/A          91%         2    ###....

Your spell library contained the following spells:

 Spells                   Type           Power        Failure   Level  Hunger
 Call Imp                 Summ           #.......     91%         2    ###....
 Slow                     Hex            #.......     91%         2    ###....
 Conjure Flame            Conj/Fire      #.......     99%         3    ####...
 Mephitic Cloud           Conj/Pois/Air  #.......     99%         3    ####...


Dungeon Overview and Level Annotations

Branches:
Dungeon (7/15)             Temple (0/1) D:4

Altars:
Ashenzari
Ru

Shops:
D:4 (:


Innate Abilities, Weirdness & Mutations

You cannot wear most types of armour.
You are very stealthy in the water. (Stealth+)
You are amphibious.
You can wear up to eight rings at the same time.
You can use your tentacles to constrict eight enemies at once.
Your skin changes colour to match your surroundings (Stealth+).
Your rubbery body absorbs attacks. (AC +1, EV +1)


Message History

You constrict the hornet zombie. The worker ant bites you.
* * * LOW HITPOINT WARNING * * *
You are poisoned.
The worker ant poisons you! The hornet zombie barely misses you.
You block the worker ant's attack.
You feel better.
You constrict the hornet zombie. You block the hornet zombie's attack.
The worker ant bites you!
* * * LOW HITPOINT WARNING * * *
You slash the worker ant! You burn the worker ant. You grab the worker ant.
The worker ant is heavily wounded.
You hit the hornet zombie. You burn the hornet zombie.
You constrict the worker ant. You constrict the hornet zombie.
The hornet zombie barely misses you. You block the worker ant's attack.
The hornet zombie hits you!
* * * LOW HITPOINT WARNING * * *
You are confused.
You feel invigorated.
You constrict the worker ant. You constrict the hornet zombie!
The worker ant barely misses you. The hornet zombie hits you!
You die...

.. ..
.# ##.
#..
#.#
#Z##.#
#@...#
#a####
...
#..##
#..#
#...
#..#
#.##


You could see a worker ant and a hornet zombie.

Vanquished Creatures
  Grinder (D:3)
  An orc warrior (D:5)
  2 phantoms
  A centaur (D:5)
  A necrophage (D:6)
  2 ogres
  A bullfrog (D:6)
  A scorpion (D:4)
  4 orc priests
  A jelly (D:6)
  A bullfrog skeleton (D:5)
  3 iguanas
  An orc wizard (D:3)
  A worker ant (D:6)
  A killer bee zombie (D:6)
  9 mummies
  A hound skeleton (D:4)
  Robin (D:2)
  3 gnolls (D:3)
  A howler monkey skeleton (D:4)
  4 adders
  2 oozes
  An adder skeleton (D:4)
  3 worms
  A dart slug (D:1)
  7 leopard geckos
  15 orcs
  8 bats
  4 giant cockroaches
  10 hobgoblins
  10 jackals
  9 kobolds
  3 quokkas
  7 frilled lizards
  2 gnoll zombies (Ossuary)
  11 goblins
  A hobgoblin zombie (Ossuary)
  2 kobold zombies (Ossuary)
  3 orc zombies (Ossuary)
  2 quokka skeletons (D:4)
  3 rats
145 creatures vanquished.

Notes
Turn   | Place    | Note
-------+----------+-------------------------------------------
     0 | D:1      | Ijustatesigmund the Octopode Fighter began the quest for
                  | the Orb.
     0 | D:1      | Reached XP level 1. HP: 16/16 MP: 1/1
   385 | D:1      | Reached XP level 2. HP: 21/21 MP: 2/2
   930 | D:2      | Reached skill level 3 in Maces & Flails
   952 | D:2      | Reached XP level 3. HP: 20/26 MP: 3/3
  1136 | D:2      | Noticed Robin
  1145 | D:2      | Killed Robin
  1145 | D:2      | Reached XP level 4. HP: 19/32 MP: 4/4
  1473 | D:2      | Found a sacrificial altar of Ru.
  1875 | D:3      | Noticed Grinder
  1876 | D:3      | Paralysed by Grinder for 3 turns
  1888 | D:3      | Reached skill level 4 in Maces & Flails
  1890 | D:3      | Killed Grinder
  1890 | D:3      | Reached skill level 5 in Maces & Flails
  1890 | D:3      | Reached XP level 5. HP: 16/38 MP: 5/5
  1890 | D:3      | Reached XP level 6. HP: 18/44 MP: 6/6
  2766 | D:4      | Reached skill level 6 in Maces & Flails
  2778 | D:4      | Found a shattered altar of Ashenzari.
  2782 | D:4      | Saw a vision of the Shoals and the Spider Nest.
  2782 | D:4      | Noticed a hippogriff
  2782 | D:4      | Noticed a sea snake
  2782 | D:4      | Noticed a redback
  2782 | D:4      | Noticed a wolf spider
  2782 | D:4      | Noticed a merfolk
  2782 | D:4      | Noticed a redback
  2785 | D:4      | Noticed a redback
  2823 | D:4      | Found a staircase to the Ecumenical Temple.
  2830 | D:4      | Reached XP level 7. HP: 49/49 MP: 7/7
  2871 | D:4      | Found a sand-covered staircase.
  2877 | D:4      | Reached skill level 5 in Fighting
  2880 | Ossuary  | Entered an ossuary
  4284 | D:4      | Reached XP level 8. HP: 56/56 MP: 8/8
  4351 | D:4      | Found Yqazxauz's Antique Weapon Boutique.
  4354 | D:4      | Bought a pitted hunting sling for 169 gold pieces
  4354 | D:4      | Identified the +6 hunting sling of Daciteru {velocity,
                  | Int+4} (You bought it in a shop on level 4 of the Dungeon)
  4454 | D:4      | Found Duosin's Book Emporium.
  4462 | D:4      | Bought a book of Minor Magic for 240 gold pieces
  4464 | D:4      | Learned a level 1 spell: Magic Dart
  4467 | D:4      | Learned a level 2 spell: Blink
  4589 | D:5      | Entered Level 5 of the Dungeon
  5245 | D:5      | Reached skill level 1 in Stealth
  5722 | D:5      | Reached skill level 7 in Maces & Flails
  6158 | D:6      | Got a crude hand axe
  6159 | D:6      | Identified the +8 hand axe of Plunder {flame, +Inv} (You
                  | found it on level 6 of the Dungeon)
  6259 | D:7      | Slain by a hornet zombie

Levels and vault maps discovered:
D:1:      dpeg_arrival_water_temple_mockup, layout_loops_ring
D:2:      layout_basic, hangedman_ru_absence, minmay_misc_feat_roman, uniq_robin
D:3:      layout_loops_ring, uniq_grinder
D:4:      layout_cave_pools, minmay_temple_entry_proselytizer,
          gup_ossuary_entry_pyramid, serial_shops, shop, kennysheep_mini,
          hangedman_decor_slide_cut, st_stairs_4, hangedman_feature_mirror,
          grunt_ashenzari_visionary [grunt_ashenzari_visionary_shoals,
          grunt_ashenzari_visionary_spider]
D:5:      layout_gridville, first_ration
D:6:      layout_cave_pools, solitary_fountain, grunt_ministairs_3
D:7:      layout_loops_cross, elyvilon_altar_5, uniq_joseph, uniq_pikel,
          uniq_prince_ribbit1, uniq_duvessa

Skill      XL: |  1  2  3  4  5  6  7  8 |
---------------+-------------------------+-----
Maces & Flails | 3 5 6 7 |  7.3
Fighting       | 4 5 6 |  6.3
Dodging        | 4 |  4.9
Stealth        | 3 |  3.9
Shields        | 4 |  4.8

Action                   |  1- 3 |  4- 6 |  7- 9 || total
-------------------------+-------+-------+-------++-------
Melee: Flail             |    60 |    97 |   169 ||   326
       Constrict         |    15 |    26 |    43 ||    84
       Tentacles         |     6 |    14 |    38 ||    58
       Hand axe          |       |       |    15 ||    15
Throw: Throwing net      |       |       |     1 ||     1
  Use: Scroll            |     7 |     4 |     9 ||    20
       Potion            |       |     3 |     7 ||    10
 Stab: Sleeping          |     8 |    11 |     6 ||    25
  Eat: Chunk             |     1 |     5 |     4 ||    10
       Ration            |       |       |     2 ||     2
Armor: Skin              |     3 |     7 |    25 ||    35
Dodge: Dodged            |    20 |    49 |   121 ||   190
Block: Shield            |    22 |    44 |    98 ||   164

Table legend:
 A = Non-vault XP
 B = Vault XP
 C = Vault XP percentage of total XP
 D = Non-vault monster count
 E = Vault monster count
 F = Vault count percentage of total count
                 A         B        C        D         E       F
            +---------+---------+-------+---------+---------+-------
      Total |    1514 |     784 |  34.1 |     109 |      36 |  24.8
            +---------+---------+-------+---------+---------+-------
        D:1 |      26 |       0 |   0.0 |      12 |       0 |   0.0
        D:2 |      59 |      35 |  37.2 |      23 |      12 |  34.3
        D:3 |     243 |     286 |  54.1 |      33 |       1 |   2.9
        D:4 |     229 |     169 |  42.5 |      14 |       5 |  26.3
        D:5 |     613 |       0 |   0.0 |      13 |       0 |   0.0
        D:6 |     344 |     141 |  29.1 |      14 |       2 |  12.5
    Ossuary |       0 |     153 | 100.0 |       0 |      16 | 100.0
            +---------+---------+-------+---------+---------+-------
